 Dungeon Crawl Stone Soup version 0.28-a0-312-gbced6e68ee (webtiles) character file.

Game seed: 3278124303931854448

2638 muata the Cleaver (level 9, -20/133 HPs)
             Began as a Minotaur Berserker on Aug 30, 2021.
             Was a Priest of Trog.
             Demolished by a guardian serpent (22 damage)
             ... on level 2 of the Abyss.
             The game lasted 00:12:18 (5936 turns).

muata the Cleaver (Minotaur Berserker)              Turns: 5936, Time: 00:12:18

Health: -20/133    AC:  9    Str: 25    XL:     9   Next: 35%
Magic:  8/8        EV:  7    Int:  4    God:    Trog [***...]
Gold:   288        SH:  5    Dex: 10    Spells: 8/8 levels left

rFire   . . .      SeeInvis .   b - +1 hand axe (freeze)
rCold   . . .      Faith    .   (no shield)
rNeg    . . .      Spirit   .   s - +0 scale mail
rPois   .          Reflect  +   (helmet restricted)
rElec   .          Harm     .   (no cloak)
rCorr   .          Rampage  .   v - +1 pair of gloves
Will    .....                   (no boots)
Stlth   ..........              y - amulet of reflection
HPRegen 0.32/turn               (no ring)
MPRegen 0.11/turn               (no ring)

@: berserking, constricted, very quick
A: horns 2, retaliatory headbutt
a: Renounce Religion, Berserk, Trog's Hand


You were on level 2 of the Abyss.
You worshipped Trog.
Trog was most pleased with you.
You visited 1 branch of the dungeon, and saw 6 of its levels.
You visited the Abyss 1 time.
You also visited: Sewer.

You collected 288 gold pieces.

Inventory:

Hand Weapons
 a - a +0 war axe of distortion
 b - a +1 hand axe of freezing (weapon)
Armour
 s - a +0 scale mail (worn)
 v - a +1 pair of gloves (worn)
Jewellery
 c - an amulet of the acrobat
 x - a ring of ice
 y - an amulet of reflection (around neck)
Wands
 r - a wand of polymorph (9)
Scrolls
 d - 3 scrolls of immolation
 e - a scroll of magic mapping
 f - a scroll of silence {unknown}
 i - a scroll of enchant weapon
 j - 2 scrolls of summoning {unknown}
 k - 3 scrolls of teleportation
 l - 2 scrolls of torment {unknown}
 n - a scroll of amnesia {unknown}
 t - a scroll of noise {unknown}
 z - a scroll of fog {unknown}
 A - a scroll of identify
Potions
 g - 2 potions of lignification
 h - a potion of cancellation {unknown}
 m - a potion of invisibility {unknown}
 o - a potion of degeneration {unknown}
 p - a potion of haste {unknown}
 q - 2 potions of attraction
 u - a potion of flight {unknown}
 w - a potion of mutation {unknown}


   Skills:
 + Level 11.1 Fighting
 + Level 11.1 Axes
 - Level 3.6 Armour
 - Level 2.1 Dodging


You had 8 spell levels left.
You didn't know any spells.
Your spell library was empty.

Dungeon Overview and Level Annotations

Branches:
Dungeon (6/15)              Sewer (visited)
 Temple: D:4-7

Altars:
Gozag
Kikubaaqudgha
Qazlal

Shops:
D:5 *

Annotations:
Abyss:1 Pikel


Innate Abilities, Weirdness & Mutations

You have a pair of horns on your head.
You reflexively headbutt those who attack you in melee.


Message History

You hit the naga. You freeze the naga. You hit the starspawn tentacle.
You freeze the starspawn tentacle. You hit the large abomination.
You freeze the large abomination. You closely miss the guardian serpent.
The guardian serpent barely misses you. The naga warrior barely misses you.
You furiously retaliate!
You headbutt the naga warrior! The tentacled starspawn bites you!!
The tentacled starspawn closely misses you.
The naga hits you with a +0 battleaxe! The naga constricts you.
Cleave: b) +1 hand axe (freeze)
Press: ? - help, Dir - move target, f/p - naga warrior
Aim: a naga warrior, wielding a +0 scimitar and wearing a +0 tower shield (moderately wounded, strong, about 25% to evade your +1 hand axe of freezing)
The naga warrior blocks your attack.
The naga warrior is moderately wounded.
You slash the guardian serpent! You freeze the guardian serpent.
You hit the large abomination. You freeze the large abomination.
You slash the starspawn tentacle! You freeze the starspawn tentacle.
You slash the naga! You freeze the naga. You slash the tentacled starspawn!
You freeze the tentacled starspawn. The guardian serpent hits you!!
* * * LOW HITPOINT WARNING * * *
The large abomination hits you.
* * * LOW HITPOINT WARNING * * *
Unknown command.
Cleave: b) +1 hand axe (freeze)
Press: ? - help, Dir - move target, f/p - naga warrior
Aim: a naga warrior, wielding a +0 scimitar and wearing a +0 tower shield (moderately wounded, strong, about 25% to evade your +1 hand axe of freezing)
You slice the naga warrior!! You freeze the naga warrior.
The naga warrior is heavily wounded.
You hit the tentacled starspawn. You freeze the tentacled starspawn.
You hit the naga but do no damage. You hit the starspawn tentacle.
You freeze the starspawn tentacle. You slash the large abomination!
You freeze the large abomination. You slash the guardian serpent!
You freeze the guardian serpent.
The naga warrior hits you with a +0 scimitar!
* * * LOW HITPOINT WARNING * * *
The tentacled starspawn bites you but does no damage.
The tentacled starspawn tentacle-slaps you but does no damage.
The naga barely misses you. The naga constricts you.
* * * LOW HITPOINT WARNING * * *
The guardian serpent hits you!!
You die...

.# .... #. ... .. ##
. . .......#. . #
.#.## ..## # .
#.#....## ##
...#X..#..##. #. ..(X
..#.. w### ##.
##..##.###XN######
#.......#..N@w......
##.##.###.##SX.#.#.##
... §#.. ..####.##
#§§..NNX....Λ##X# .
.##.. N##SX.X─.## ..
..#.##....##..# ..##
# .### ....## #.
..... . # ..
#..#.#.##


You could see a naga warrior (strong), 2 tentacled starspawn, a large
abomination, a guardian serpent, a naga (strong) and 2 starspawn tentacles.

Vanquished Creatures
  Sigmund (D:4)
  Eustachio (D:5)
  Menkaure (D:5)
  A water moccasin (D:3)
  4 hell hounds (Abyss:2)
  Purgy (Sewer)
  2 ogres (D:5)
  A centaur (D:4)
  A lemure (D:6)
  2 scorpions (D:5)
  A water moccasin zombie (D:5)
  A howler monkey (D:5)
  A bullfrog zombie (D:5)
  2 hounds (D:5)
  3 orc priests
  A gnoll shaman (D:5)
  An iguana (D:4)
  A scorpion zombie (D:5)
  2 orc wizards
  A hound skeleton (D:5)
  A howler monkey zombie (D:4)
  7 gnolls
  10 adders
  2 ufetubi (D:5)
  2 adder skeletons
  2 worms
  3 dart slugs
  11 orcs
  5 ball pythons
  7 bats
  6 endoplasms
  7 giant cockroaches
  8 goblins
  6 hobgoblins
  15 kobolds
  12 quokkas
  5 frilled lizards
  5 rats
143 creatures vanquished.

Vanquished Creatures (others)
  A human (D:4)
  15 starspawn tentacles (Abyss:2)
16 creatures vanquished.

Grand Total: 159 creatures vanquished

Notes
Turn   | Place    | Note
-------+----------+-------------------------------------------
     0 | D:1      | muata the Minotaur Berserker began the quest for the Orb.
     0 | D:1      | Reached XP level 1. HP: 19/19 MP: 0/0
   380 | D:1      | Reached XP level 2. HP: 25/27 MP: 1/1
   644 | D:1      | Found a faded altar of an unknown god.
  1204 | D:2      | Reached XP level 3. HP: 33/33 MP: 2/2
  1866 | D:2      | Reached XP level 4. HP: 31/41 MP: 3/3
  2048 | D:2      | Reached ** piety under Trog
  2051 | D:2      | Reached skill level 5 in Axes
  2250 | D:3      | Reached skill level 5 in Fighting
  2266 | D:3      | Reached XP level 5. HP: 48/48 MP: 4/4
  2435 | D:3      | Found a glowing drain.
  2458 | Sewer    | Entered a sewer
  2689 | Sewer    | Noticed Purgy
  2695 | Sewer    | Killed Purgy
  2696 | Sewer    | Reached XP level 6. HP: 57/57 MP: 5/5
  3232 | D:3      | Noticed a water moccasin
  3243 | D:3      | Killed a water moccasin
  3838 | D:4      | Reached XP level 7. HP: 58/66 MP: 6/6
  3949 | D:4      | Found an ancient bone altar of Kikubaaqudgha.
  3949 | D:4      | Noticed Sigmund
  3957 | D:4      | Killed Sigmund
  3960 | D:4      | Noticed a human
  3960 | D:4      | Killed a human
  3969 | D:4      | Found an opulent altar of Gozag.
  4140 | D:4      | Reached *** piety under Trog
  4459 | D:5      | Entered Level 5 of the Dungeon
  4547 | D:5      | Reached XP level 8. HP: 58/75 MP: 7/7
  5101 | D:5      | Noticed Menkaure
  5109 | D:5      | Killed Menkaure
  5144 | D:5      | Noticed Eustachio
  5173 | D:5      | Killed Eustachio
  5259 | D:5      | Found Niot's General Store.
  5339 | D:5      | Found a stormy altar of Qazlal.
  5341 | D:5      | Noticed an air elemental
  5444 | D:5      | Reached skill level 10 in Fighting
  5444 | D:5      | Reached skill level 10 in Axes
  5657 | D:6      | Noticed Pikel
  5663 | D:6      | Banished Pikel
  5664 | D:6      | Reached XP level 9. HP: 70/86 MP: 8/8
  5664 | D:6      | Cast into level 2 of the Abyss (unwielding a weapon of
                  | distortion)
  5876 | Abyss:2  | Noticed a tentacled starspawn
  5904 | Abyss:2  | Noticed a tentacled starspawn
  5921 | Abyss:2  | Noticed a guardian serpent
  5921 | Abyss:2  | Noticed a naga warrior
  5932 | Abyss:2  | Noticed a naga warrior
  5936 | Abyss:2  | HP: 2/133 [constriction (5)]
  5936 | Abyss:2  | Demolished by a guardian serpent

Illustrated notes

Levels and vault maps discovered:
D:1:      ncdulo_smallfort, layout_basic, chequers_ecumenical_altar_island,
          st_stairs_8
D:2:      layout_basic
D:3:      layout_basic, gup_sewer_entry_pipe, minmay_fractal_squares_diagonal_5
D:4:      layout_cave_pools, tgw_kikubaaqudgha, grunt_gozag_breadcrumbs,
          chequers_decorated_corner, minmay_goblin_kobold_house, uniq_sigmund
D:5:      layout_basic, nicolae_qazlal_style_of_elements, serial_shops, shop,
          kennysheep_diamond, uniq_menkaure, uniq_eustachio
D:6:      layout_basic, okawaru_altar_gauntlet_db,
          minmay_temple_entry_overgrown, serial_shops, shop,
          kennysheep_generic_room_4, uniq_edmund, uniq_pikel,
          uniq_crazy_yiuf_cottage
Abyss:2:  base: D:2, evilmike_abyss_exit_14

Skill      XL: |  1  2  3  4  5  6  7  8  9 |
---------------+----------------------------+-----
Axes           | 4 5 6 7 8 10 11 | 11.1
Fighting       | 4 5 6 7 8 10 11 | 11.1
Armour         | 3 |  3.6
Dodging        | |  2.1

Action                   |  1- 3 |  4- 6 |  7- 9 || total
-------------------------+-------+-------+-------++-------
Melee: Short sword       |    61 |    73 |       ||   134
       Headbutt          |     7 |    16 |    21 ||    44
       Hand axe          |     1 |    48 |    32 ||    81
       War axe           |       |       |    85 ||    85
Invok: Berserk           |       |     7 |     4 ||    11
       Trog's Hand       |       |     1 |       ||     1
  Use: Scroll            |       |     5 |     2 ||     7
Armor: Animal skin       |     9 |       |       ||     9
       Ring mail         |       |    50 |       ||    50
       Scale mail        |       |       |    43 ||    43
Dodge: Dodged            |    40 |    86 |    70 ||   196
Block: Other             |       |       |    10 ||    10

Table legend: (Time is in decaauts)
 A = Elapsed time spent in this place.
 B = Non-inter-level travel time spent in this place.
 C = Inter-level travel time spent in this place.
 D = Time resting spent in this place.
 E = Time spent auto-exploring this place.
 F = Levels seen in this place.
 G = Mean time per level.
                   A        B        C        D        E       F      G
               +--------+--------+--------+--------+--------+-----+--------+
         Total |   6044 |   5887 |    157 |   1170 |   3294 |   8 |  755.5 |
       Dungeon |   5470 |   5313 |    157 |    839 |   3257 |   6 |  911.7 |
         Abyss |    273 |    273 |      0 |    126 |      0 |   1 |  273.0 |
         Sewer |    300 |    300 |      0 |    205 |     37 |   1 |  300.0 |
               +--------+--------+--------+--------+--------+-----+--------+

Top non-repeatable levels by time:
     D:5: 1206 daAuts
     D:1: 1160 daAuts
     D:3: 1151 daAuts
     D:2: 1101 daAuts
     D:4: 842 daAuts
   Sewer: 300 daAuts
 Abyss:2: 273 daAuts
     D:6: 8 daAuts
